AoeStats
← santrex.be

Fortress

509644084Analyzed
2v2 RM · 3d ago on Sep 27, 2026· 36m 0s· 4 players
Game mode
Random Map
Map size
Normal (6 player)
Population
200
Speed
Normal
Resources
Standard
Victory
Conquest
Starting age
Dark Age
Ending age
Imperial Age
RankedLock teamsTeams togetherTeam positionsShared explorationLock speedFull tech treeHidden civsTurbo modeCheats
Victory
Defeat
🇧🇪 Franks · Belgium
933
+15
🇧🇪 Vikings · Belgium
835
+18
🇩🇪 Maya · Germany
918
-17
🇩🇪 Bulgarians · Germany
887
-16
santrex.be
1:12 Loom
7:48 Feudal Age
14:07 Castle Age
12:47 Double-Bit Axe
12:44 Horse Collar
15:57 Forging
15:49 Scale Mail Armor
15:53 Arson
16:50 Squires
19:33 Iron Casting
19:14 Chain Mail Armor
30:50 Bow Saw
30:41 Heavy Plow
30:34 Stone Mining
30:36 Gold Mining
37:52 Imperial Age
36:39 Gold Shaft Mining
✪ GiBiG
0:42 Loom
5:53 Feudal Age
12:29 Castle Age
10:23 Double-Bit Axe
12:32 Forging
14:02 Scale Mail Armor
14:21 Bow Saw
16:05 Husbandry
17:26 Padded Archer Armor
18:46 Fletching
21:00 Wheelbarrow
21:16 Scale Barding Armor
22:50 Town Watch
24:51 Stone Mining
26:26 Gold Mining
27:15 Iron Casting
32:40 Imperial Age
31:38 Hand Cart
33:22 Gold Shaft Mining
33:01 Elite Throwing Axeman
33:29 Cavalier
35:09 Leather Archer Armor
35:53 Chivalry
honigtopf
4:41 Loom
7:54 Feudal Age
12:58 Castle Age
11:44 Double-Bit Axe
13:40 Fletching
14:35 Scale Barding Armor
16:08 Forging
17:49 Chain Barding Armor
21:44 Murder Holes
22:58 Horse Collar
31:17 Imperial Age
31:54 Iron Casting
Psammodromus
5:19 Loom
7:53 Feudal Age
8:34 Double-Bit Axe
13:52 Castle Age
13:19 Horse Collar
13:59 Fletching
14:10 Padded Archer Armor
15:08 Leather Archer Armor
14:49 Bodkin Arrow
15:04 Forging
18:05 Stone Mining
19:02 Bow Saw
18:50 Gold Mining
19:23 Bodkin Arrow
21:37 Ballistics
22:09 Wheelbarrow
22:17 Stone Shaft Mining
21:57 Scale Mail Armor
23:15 Murder Holes
25:34 Eagle Warrior
28:27 Hand Cart
33:20 Imperial Age
31:07 Town Watch
31:45 Squires
32:26 Pikeman
34:01 Chain Mail Armor
34:29 Conscription
33:45 Elite Plumed Archer
Connection lost

Rejoining the realm…

Still unreachable

The connection could not be restored.

Session expired

The server has moved on; the page needs a fresh start.